AoeStats
← [KMNB] Bandeira

Lombardia

508652242Analyzed
2v2 RM · 9d ago on Sep 23, 2026· 20m 0s· 4 players
Game mode
Random Map
Map size
Medium (4 player)
Population
200
Speed
Normal
Resources
Standard
Victory
Conquest
Starting age
Dark Age
Ending age
Imperial Age
RankedLock teamsTeams togetherTeam positionsShared explorationLock speedFull tech treeHidden civsTurbo modeCheats
Victory
Defeat
🇧🇷 Varangians · Brazil
1586
+18
🇧🇷 Magyars · Brazil
1553
+19
🇧🇷 Mongols · Brazil
1641
-19
🇹🇼 Gurjaras · Taiwan
1622
-18
joosephy
4:34 Loom
8:53 Feudal Age
9:24 Double-Bit Axe
14:08 Scale Barding Armor
15:13 Forging
15:57 Wheelbarrow
21:25 Castle Age
20:04 Gold Mining
Marvin Saturnino
6:23 Loom
8:48 Feudal Age
9:42 Double-Bit Axe
12:13 Fletching
14:46 Gold Mining
17:21 Padded Archer Armor
[KMNB] Bandeira
6:42 Loom
9:32 Feudal Age
10:35 Double-Bit Axe
11:25 Horse Collar
14:06 Scale Barding Armor
20:08 Bloodlines
Fs.Khronos
8:51 Feudal Age
9:03 Loom
9:24 Double-Bit Axe
11:06 Fletching
Connection lost

Rejoining the realm…

Still unreachable

The connection could not be restored.

Session expired

The server has moved on; the page needs a fresh start.